 Dungeon Crawl Stone Soup version 0.27-a0-1347-gd8886f0a89 (webtiles) character file.

Game seed: 1437756997249666561

48 polve the Cutter (level 3, -1/29 HPs)
             Began as a Demonspawn Abyssal Knight on June 27, 2021.
             Was a Follower of Lugonu.
             Hit by a boomerang of dispersal thrown by an orc (5 damage)
             ... on level 3 of the Dungeon.
             The game lasted 00:01:27 (2081 turns).

polve the Cutter (Demonspawn Abyssal Knight)        Turns: 2081, Time: 00:01:27

Health: -1/29      AC:  3    Str: 13    XL:     3   Next: 50%
Magic:  4/4        EV: 11    Int: 13    God:    Lugonu [*.....]
Gold:   87         SH:  0    Dex: 12    Spells: 2/2 levels left

rFire    . . .     SeeInvis .   a - +1 short sword
rCold    . . .     Faith    .   (no shield)
rNeg     . . .     Spirit   .   b - +0 leather armour
rPois    .         Reflect  .   (no helmet)
rElec    .         Harm     .   (no cloak)
rCorr    .         Rampage  .   (no gloves)
Will     .....                  (no boots)
Stlth    +.........             (no amulet)
HPRegen  0.09/turn              (no ring)
MPRegen  0.09/turn              (no ring)

@: no status effects
A: talons 1
a: Renounce Religion, Depart the Abyss


You were on level 3 of the Dungeon.
You worshipped Lugonu.
Lugonu was aware of your devotion.
You visited 1 branch of the dungeon, and saw 3 of its levels.
You visited the Abyss 1 time.

You collected 87 gold pieces.

Inventory:

Hand Weapons
 a - a +1 short sword (weapon)
Armour
 b - a +0 leather armour (worn)
Jewellery
 f - a ring of protection from fire
Scrolls
 c - 2 scrolls of silence {unknown}
 h - a scroll of identify {unknown}
 i - a scroll of blinking {unknown}
 l - a scroll of fear {unknown}
 m - a scroll of teleportation {unknown}
Potions
 d - 2 potions of attraction {unknown}
 e - a potion of curing {unknown}
 g - a potion of brilliance {unknown}
 j - a potion of lignification {unknown}
 k - 2 potions of degeneration {unknown}


   Skills:
 - Level 3.0 Fighting
 + Level 3.6 Short Blades
 - Level 1.7 Armour
 - Level 0.8 Dodging
 - Level 2.4 Invocations


You had 2 spell levels left.
You didn't know any spells.
Your spell library contained the following spells:

 Spells                   Type           Power      Damage    Failure   Level
 Confusing Touch          Hex            0%         N/A       75%         3
 Gell's Gravitas          Tloc           0%         N/A       75%         3
 Petrify                  Tmut/Erth      0%         N/A       98%         4
 Metabolic Englaciation   Hex/Ice        0%         N/A       100%        5
 Yara's Violent Unravell  Hex/Tmut       0%         3d3       100%        5


Dungeon Overview and Level Annotations

Branches:
Dungeon (3/15)

Altars:
Ashenzari
Ru
Trog
Xom

Shops:
D:3 (


Innate Abilities, Weirdness & Mutations

You have sharp toenails.


Message History

The orc misses you.
You hit the orc but do no damage. You claw the orc.
The orc is severely wounded.
The orc hits you with a +0 club.
The orc hits you with a +1 mace of protection.
You completely miss the orc. Your kick misses the orc.
The orc is severely wounded.
The orc hits you with a +0 club.
You barely miss the orc. You claw the orc.
You kill the orc!
Lugonu accepts your kill. The orc barely misses you.
You hit the orc.
The orc is heavily wounded.
The orc misses you.
You barely miss the orc.
The orc is heavily wounded.
The orc completely misses you.
You hit the orc but do no damage. Your kick misses the orc.
The orc is heavily wounded.
The orc throws a boomerang of dispersal.
The boomerang of dispersal barely misses you.
The orc hits you from afar with a +0 trident.
The orc hits you with a +0 club.
The orc hits you with a +1 mace of protection.
* * * LOW HITPOINT WARNING * * *
The orc throws a boomerang of dispersal.
The boomerang of dispersal closely misses you.
The orc hits you with a +1 mace of protection.
* * * LOW HITPOINT WARNING * * *
The orc hits you with a +1 mace of protection.
* * * LOW HITPOINT WARNING * * *
The orc throws a boomerang of dispersal.
The boomerang of dispersal hits you.
* * * LOW HITPOINT WARNING * * *
You blink.
You see here a +0 hand axe.
The orc throws a boomerang of dispersal.
The boomerang of dispersal hits you.
You die...

..#.# #.#.# .# ...# .# #
# #####..# .# .. #
#......####.# ... #
#....#.##...# .... #
#....#.##...#..... #
#?...#.##......### #
##....#.##.@....... #
......#>).##....... #
#.##.###.### .......
#####+##..o..#######.###
..oo....##.......# #.#
##oo....##.......###.#
##......##...........#
##.........###......<#
#.........# #.......#


You could see an orc.

Vanquished Creatures
  A worm (D:2)
  A dart slug (D:1)
  An orc (D:3)
  6 ball pythons
  7 endoplasms
  A giant cockroach (D:1)
  4 goblins
  2 hobgoblins
  5 kobolds
  2 quokkas
  3 bats
  2 frilled lizards (D:1)
  4 rats
39 creatures vanquished.

Notes
Turn   | Place    | Note
-------+----------+-------------------------------------------
     0 | Abyss:1  | polve the Demonspawn Abyssal Knight began the quest for the
                  | Orb.
     0 | Abyss:1  | Reached XP level 1. HP: 18/18 MP: 2/2
    46 | Abyss:1  | Found a bloodstained altar of Trog.
    54 | Abyss:1  | Noticed a large abomination
    57 | Abyss:1  | Noticed a small abomination
    66 | D:1      | Escaped the Abyss
   392 | D:1      | Gained mutation: You have sharp toenails. [demonic
                  | ancestry]
   392 | D:1      | Reached XP level 2. HP: 24/24 MP: 3/3
   452 | D:1      | Found a faded altar of an unknown god.
   507 | D:1      | Reached * piety under Lugonu
  1260 | D:2      | Reached XP level 3. HP: 29/29 MP: 4/4
  1293 | D:2      | Found a broken altar of Ashenzari.
  1942 | D:3      | Found Aryen's Antique Weapon Shop.
  1996 | D:3      | Found a sacrificial altar of Ru.
  2036 | D:3      | Found a broken altar of Ashenzari.
  2036 | D:3      | Found a shimmering altar of Xom.
  2037 | D:3      | Found a bloodstained altar of Trog.
  2081 | D:3      | Hit by a boomerang of dispersal thrown by an orc

Illustrated notes

Levels and vault maps discovered:
D:1:      giann_bridges, layout_basic, hellmonk_ecumenical_altar_blasted
D:2:      layout_rooms, basic_altar
D:3:      lemuel_castle_with_subvaults [lemuel_castle_interior_original],
          layout_basic, marbit_many_paths, nicolae_qazlal_scattered_showers,
          grunt_temple_overflow_open, serial_shops, shop

Skill      XL: |  1  2 |
---------------+-------+-----
Short Blades   | 2 3 |  3.6
Fighting       | |  3.0
Armour         | |  1.7
Dodging        | |  0.8
Invocations    | |  2.4

Action                   || total
-------------------------++-------
Melee: Short sword       ||   126
       Kick              ||    22
Invok: Depart the Abyss  ||     1
Armor: Leather armour    ||    23
Dodge: Dodged            ||    86

Table legend: (Time is in decaauts)
 A = Elapsed time spent in this place.
 B = Non-inter-level travel time spent in this place.
 C = Inter-level travel time spent in this place.
 D = Time resting spent in this place.
 E = Time spent auto-exploring this place.
 F = Levels seen in this place.
 G = Mean time per level.
                   A        B        C        D        E       F      G
               +--------+--------+--------+--------+--------+-----+--------+
         Total |   2073 |   2045 |     28 |      0 |   1737 |   4 |  518.2 |
       Dungeon |   2007 |   1979 |     28 |      0 |   1683 |   3 |  669.0 |
         Abyss |     66 |     66 |      0 |      0 |     54 |   1 |   66.0 |
               +--------+--------+--------+--------+--------+-----+--------+

Top non-repeatable levels by time:
     D:1: 1134 daAuts
     D:2: 733 daAuts
     D:3: 139 daAuts
 Abyss:1: 66 daAuts
